 Dungeon Crawl Stone Soup version 0.27.1-37-g7b29ead8ac (console) character file.

Game seed: 10566212562955718614

303 grimtooth the Firebug (level 5, -5/38 HPs)
             Began as a Demigod Fire Elementalist on Mar 23, 2023.
             Slain by a gnoll (10 damage)
             ... on level 4 of the Dungeon.
             The game lasted 00:15:51 (3158 turns).

grimtooth the Firebug (Demigod Fire Elementalist)   Turns: 3158, Time: 00:15:51

Health: -5/38      AC:  3    Str:  9    XL:     5   Next: 91%
Magic:  5/10       EV: 12    Int: 21    God:
Gold:   182        SH:  0    Dex: 14    Spells: 3/7 levels left

rFire    . . .     SeeInvis .   a - +0 whip (elec)
rCold    . . .     Faith    .   (no shield)
rNeg     . . .     Spirit   .   q - +0 robe
rPois    .         Reflect  .   (no helmet)
rElec    .         Harm     .   k - +0 cloak
rCorr    .         Rampage  .   (no gloves)
Will     .....                  (no boots)
Stlth    ++........             d - amulet of regeneration
HPRegen  1.12/turn              (no ring)
MPRegen  0.12/turn              (no ring)

@: no status effects
A: high mp 1, forlorn
a: no special abilities


You were on level 4 of the Dungeon.
You visited 1 branch of the dungeon, and saw 4 of its levels.

You collected 182 gold pieces.

Inventory:

Hand Weapons
 a - a +0 whip of electrocution (weapon)
 b - a +1 dagger of speed
 i - a +0 dagger
Missiles
 c - 67 stones (quivered)
 e - 23 sling bullets
Armour
 k - a +0 cloak (worn)
 o - a +4 ring mail
 q - a +0 robe (worn)
Jewellery
 d - an amulet of regeneration (around neck)
Wands
 n - a wand of digging (6)
Scrolls
 g - 2 scrolls of identify {unknown}
 j - a scroll of fear {unknown}
 r - a scroll of enchant armour {unknown}
Potions
 f - 2 potions of lignification {unknown}
 h - a potion of magic {unknown}
 l - a potion of haste {unknown}
 m - a potion of invisibility {unknown}
 p - a potion of degeneration {unknown}


   Skills:
 - Level 1.7 Dodging
 - Level 3.0 Stealth
 - Level 1.7 Spellcasting
 - Level 3.0 Conjurations
 * Level 5.1 Fire Magic


You had 3 spell levels left.
You knew the following spells:

 Your Spells              Type           Power      Damage    Failure   Level
a - Foxfire               Conj/Fire      72%        2x1d7     3%          1
b - Conjure Flame         Conj/Fire      18%        6-21      9%          3

Your spell library contained the following spells:

 Spells                   Type           Power      Damage    Failure   Level
 Beastly Appendage        Tmut           2%         N/A       16%         1
 Inner Flame              Hex/Fire       12%        N/A       16%         3
 Blink                    Tloc           N/A        N/A       22%         2
 Wereblood                Tmut           1%         N/A       22%         2
 Lesser Beckoning         Tloc           0%         N/A       41%         3
 Spider Form              Tmut/Pois      0%         N/A       41%         3
 Sticky Flame             Conj/Fire      18%        2d4       28%         4
 Fireball                 Conj/Fire      9%         3d6       63%         5
 Manifold Assault         Tloc           1%         N/A       99%         5


Dungeon Overview and Level Annotations

Branches:
Dungeon (4/15)
 Temple: D:4-7

Annotations:
D:4 Pikel


Innate Abilities, Weirdness & Mutations

Your attributes grow dramatically as you level up.
You have an increased reservoir of magic. (+10% MP)
You shall have no god before yourself.


Message History

Confirm with . or Enter, or press ? or * to list all spells.
You conjure some foxfire!
The foxfire hits the iguana.
The iguana is moderately wounded.
The foxfire hits the gnoll.
The gnoll is heavily wounded.
You hear the crackle of electricity.
a - a +0 whip of electrocution (weapon)
You hit the iguana.
The iguana is heavily wounded.
The iguana bites you.
You hit the iguana but do no damage.
The iguana is heavily wounded.
The iguana misses you. x2
You hit the iguana.
The iguana is severely wounded.
The iguana bites you.
You hit the iguana.
The iguana is almost dead.
The gnoll closely misses you. The iguana completely misses you.
You hit the iguana but do no damage.
The iguana is almost dead.
The gnoll closely misses you. The iguana bites you!
You barely miss the iguana.
The iguana is almost dead.
The gnoll hits you from afar with a +0 halberd.
The iguana barely misses you.
You closely miss the iguana.
The iguana is almost dead.
The gnoll hits you from afar with a +0 halberd!
The iguana bites you!
* * * LOW HITPOINT WARNING * * *
Unknown command.
Okay, then.
Enter note: - aw man
Press: ? - help, v - describe, . - travel
Here: a gnoll, wielding a +0 halberd (heavily wounded)
The floor.
The gnoll hits you with a +0 halberd!
You die...

.........# #[# .#######.##
##.# #....###..#
#.#####.###.÷....
.................
#######.##.[###.#
#.##....... #.##......#
#.##.####.#
.################.##.# #.#
........l.@g......##.####.#
.################.##.......
#.....)...... #.#..........
#.#.##.####). #.#.##.# #..
#.#....# #.. #.####.# ##.
#.# #.# #. #.# #.# #† #.#
... #.


You could see an iguana and a gnoll.

Vanquished Creatures
  A black bear (D:4)
  A lemure (D:3)
  A hound (D:4)
  An iguana (D:4)
  5 gnolls
  5 adders
  2 worms (D:2)
  A dart slug (D:1)
  An orc (D:4)
  4 bats
  3 endoplasms
  4 giant cockroaches
  6 goblins
  5 hobgoblins
  5 jackals
  4 quokkas
  4 ball pythons
  3 frilled lizards
  5 kobolds
  3 rats
64 creatures vanquished.

Vanquished Creatures (others)
  257 foxfires
257 creatures vanquished.

Grand Total: 321 creatures vanquished

Notes
Turn   | Place    | Note
-------+----------+-------------------------------------------
     0 | D:1      | grimtooth the Demigod Fire Elementalist began the quest for
                  | the Orb.
     0 | D:1      | Reached XP level 1. HP: 14/14 MP: 5/5
    25 | D:1      | Reached skill level 1 in Conjurations
   208 | D:1      | Reached skill level 3 in Fire Magic
   304 | D:1      | Reached XP level 2. HP: 13/20 MP: 2/7
  1172 | D:2      | Reached XP level 3. HP: 26/26 MP: 4/8
  1828 | D:3      | Reached XP level 4. HP: 33/33 MP: 6/9
  2643 | D:4      | Noticed an ogre
  2671 | D:4      | Reached skill level 4 in Fire Magic
  2671 | D:4      | Reached XP level 5. HP: 38/38 MP: 5/10
  2675 | D:4      | Learned a level 3 spell: Conjure Flame
  2982 | D:4      | Noticed Pikel
  3094 | D:4      | Noticed a black bear
  3100 | D:4      | Killed a black bear
  3101 | D:4      | Reached skill level 5 in Fire Magic
  3158 | D:4      | - aw man
  3158 | D:4      | Slain by a gnoll

Illustrated notes

.........# #[ .#######.##
##. #....###..
#.#####.###.÷...
................
#######.##.[###.
#.##...... #.##......
#.##.####.
.################g##.# #.
........l@.g......##.####.
.################.##......
#.....)..... #.#.........
#.#.##.####) #.#.##.# #.
#.#....# #. #.####.# ##
#.# #.# # #.# #.# # #.#
... #


Turn 3158 on D:4: - aw man

Levels and vault maps discovered:
D:1:      mrwooster_arrival_statue, layout_rooms
D:2:      layout_rooms, bh_walls_and_bars
D:3:      layout_basic, nzn_wu_jian_contemplation, kennysheep_cross_room,
          minmay_door_square
D:4:      layout_loops_ring, mainiacjoe_overflow_big_doors,
          minmay_temple_entry_mist, serial_shops, kennysheep_mini,
          kennysheep_crisscross, uniq_blork_the_orc, uniq_pikel, uniq_menkaure

Skill      XL: |  1  2  3  4  5 |
---------------+----------------+-----
Conjurations   | 1 2 3 |  3.0
Fire Magic     | 3 4 5 |  5.1
Stealth        | 2 3 |  3.0
Dodging        | |  1.7
Spellcasting   | |  1.7

Action                   |  1- 3 |  4- 6 || total
-------------------------+-------+-------++-------
Melee: Dagger            |       |    18 ||    18
       Whip              |       |     8 ||     8
Throw: Stone             |     1 |       ||     1
 Cast: Foxfire           |    81 |    69 ||   150
       Conjure Flame     |       |     1 ||     1
 Stab: Sleeping          |       |     3 ||     3
Armor: Robe              |     1 |     4 ||     5
Dodge: Dodged            |     2 |    20 ||    22
